 Dungeon Crawl Stone Soup version 0.28-a0-476-g0f06bd746f (webtiles) character file.

Game seed: 217588513472887936

102 timneilson the Covered (level 4, -9/29 HPs)
             Began as a Gargoyle Fighter on Sept 16, 2021.
             Killed by divine providence
             ... invoked by an orc priest
              (17 damage)
             ... on level 3 of the Dungeon.
             The game lasted 00:04:07 (1861 turns).

timneilson the Covered (Gargoyle Fighter)           Turns: 1861, Time: 00:04:07

Health: -9/29      AC: 14    Str: 21    XL:     4   Next: 78%
Magic:  4/4        EV:  7    Int:  8    God:
Gold:   103        SH:  5    Dex: 15    Spells: 3/3 levels left

rFire   . . .      SeeInvis .   a - +0 long sword
rCold   . . .      Faith    .   c - +0 buckler
rNeg    + . .      Spirit   .   i - +0 chain mail
rPois   ∞          Reflect  .   (no helmet)
rElec   +          Harm     .   k - +0 cloak
rCorr   .          Rampage  .   (no gloves)
Will    .....                   (no boots)
Stlth   ..........              (no amulet)
HPRegen 0.09/turn               e - +6 ring of dexterity
MPRegen 0.09/turn               (no ring)

@: no status effects
A: sickness immunity, AC +3, negative energy resistance 1, electricity
resistance, torment resistance 1, petrification resistance
a: no special abilities


You were on level 3 of the Dungeon.
You visited 1 branch of the dungeon, and saw 3 of its levels.

You collected 103 gold pieces.

Inventory:

Hand Weapons
 a - a +0 long sword (weapon)
Armour
 c - a +0 buckler (worn)
 i - a +0 chain mail (worn)
 k - a +0 cloak (worn)
Jewellery
 e - a +6 ring of dexterity (left hand)
Potions
 d - a potion of might
 f - a potion of attraction {unknown}
 g - 5 potions of brilliance
 h - a potion of heal wounds {unknown}


   Skills:
 + Level 3.7 Fighting
 * Level 2.7 Long Blades
 * Level 4.2 Armour
 * Level 4.1 Shields


You had 3 spell levels left.
You didn't know any spells.
Your spell library contained the following spells:

 Spells                   Type           Power      Damage    Failure   Level
 Wereblood                Tmut           0%         N/A       99%         2
 Blade Hands              Tmut           0%         N/A       100%        5
 Irradiate                Conj/Tmut      0%         3d13      100%        5
 Dragon Form              Tmut           0%         N/A       100%        7
 Summon Hydra             Summ           0%         N/A       100%        7
 Sublimation of Blood     Necr           Unusable   N/A       N/A         2

Dungeon Overview and Level Annotations

Branches:
Dungeon (3/15)

Altars:

Shops:
D:2 [


Innate Abilities, Weirdness & Mutations

You are immune to sickness and miasma.
Your stone body is resilient. (AC +3)
You are immune to poison.
You resist negative energy. (rN+)
You are resistant to electric shocks. (rElec)
You are resistant to unholy torment.
You are immune to petrification.


Message History

No target in view!
No target in view!
No target in view!
No target in view!
No target in view!
No target in view!
No target in view!
No target in view!
No target in view!
No target in view!
Things that are here:
a +0 hunting sling; 15 stones; a goblin corpse You see here a +0 club.
Things that are here:
a +0 club; a hobgoblin corpse You see here a +0 club.
Things that are here:
a +0 club; a hobgoblin corpse As you open the door, it creaks loudly! 2 orc priests and an orc wizard come into view.
The orc wizard shouts!
You hear a shout!
You hear an angry hiss.
The orc priest invokes the aid of Beogh against you.
Beogh smites you!
The orc wizard gestures at you while chanting.
You are confused.
Found a mace.
A frilled lizard comes into view.
Things that are here:
a +0 hunting sling; 15 stones; a goblin corpse The orc priest invokes the aid of Beogh against you.
Beogh smites you!
* * * LOW HITPOINT WARNING * * *
An orc comes into view. It is wielding a +0 whip.
A hobgoblin comes into view. It is wielding a +0 club.
You're too confused to move!
You feel less confused.
The orc priest invokes the aid of Beogh against you.
Beogh smites you!
Ouch! That really hurt!
You die...

###### #....#
#....# ##....##
#####
#..@oo.#......
+......o......
#...)..#..g.).
##....## #####
#.)))# #.l..#
#########''#######
≈≈≈≈≈≈≈≈≈....≈≈≈≈≈≈
≈≈≈≈≈≈≈≈≈....≈≈≈≈≈≈


You could see 2 orc priests, an orc wizard, a hobgoblin and a frilled lizard.

Vanquished Creatures
  4 gnolls (D:2)
  An adder (D:3)
  A worm (D:2)
  An orc (D:3)
  3 ball pythons
  A bat (D:1)
  2 endoplasms
  9 goblins
  7 hobgoblins
  2 quokkas
  6 frilled lizards
  3 kobolds
  13 rats
53 creatures vanquished.

Notes
Turn   | Place    | Note
-------+----------+-------------------------------------------
     0 | D:1      | timneilson the Gargoyle Fighter began the quest for the
                  | Orb.
     0 | D:1      | Reached XP level 1. HP: 14/14 MP: 1/1
    86 | D:1      | Reached XP level 2. HP: 17/19 MP: 2/2
   617 | D:1      | Reached XP level 3. HP: 23/23 MP: 3/3
  1117 | D:2      | Found Yqamis's Armour Shop.
  1163 | D:2      | Found a faded altar of an unknown god.
  1355 | D:2      | Reached XP level 4. HP: 26/28 MP: 4/4
  1861 | D:3      | Killed from afar by an orc priest

Illustrated notes

Levels and vault maps discovered:
D:1:      dpeg_arrival_lava_altar, layout_loops_ring, hangedman_decor_push,
          minmay_rat_gold_closets
D:2:      layout_basic, ebering_ecumenical_altar_rust, serial_shops, shop
D:3:      minmay_goblin_kobold_castle, layout_basic,
          nicolae_qazlal_scattered_showers

Skill      XL: |  1  2  3  4 |
---------------+-------------+-----
Long Blades    | 2 |  2.7
Armour         | 4 |  4.2
Shields        | 4 |  4.1
Fighting       | |  3.7

Action                   |  1- 3 |  4- 6 || total
-------------------------+-------+-------++-------
Melee: Long sword        |    96 |    30 ||   126
  Use: Scroll            |       |     3 ||     3
Armor: Scale mail        |    41 |     9 ||    50
       Chain mail        |       |    15 ||    15
Dodge: Dodged            |    35 |    26 ||    61
Block: Buckler           |    17 |    10 ||    27

Table legend: (Time is in decaauts)
 A = Elapsed time spent in this place.
 B = Non-inter-level travel time spent in this place.
 C = Inter-level travel time spent in this place.
 D = Time resting spent in this place.
 E = Time spent auto-exploring this place.
 F = Levels seen in this place.
 G = Mean time per level.
                   A        B        C        D        E       F      G
               +--------+--------+--------+--------+--------+-----+--------+
         Total |   1898 |   1871 |     27 |    165 |   1295 |   3 |  632.7 |
       Dungeon |   1898 |   1871 |     27 |    165 |   1295 |   3 |  632.7 |
               +--------+--------+--------+--------+--------+-----+--------+

Top non-repeatable levels by time:
     D:2: 842 daAuts
     D:1: 728 daAuts
     D:3: 327 daAuts
